AoeStats
← Oopsis

Arena

509922504Analyzed
2v2 RM · 3d ago on Sep 28, 2026· 57m 4s· 4 players
Game mode
Random Map
Map size
Medium (4 player)
Population
200
Speed
Normal
Resources
Standard
Victory
Conquest
Starting age
Dark Age
Ending age
Imperial Age
RankedLock teamsTeams togetherTeam positionsShared explorationLock speedFull tech treeHidden civsTurbo modeCheats
Victory
Defeat
🇹🇷 Japanese · Türkiye
743
+20
🇨🇳 Saxons · China
695
+22
🇷🇺 Slavs · Russia
831
-21
🇷🇺 Persians · Russia
831
-21
ozgurulas90
14:47 Feudal Age
19:09 Castle Age
17:08 Double-Bit Axe
17:15 Gold Mining
17:16 Stone Mining
17:09 Horse Collar
17:43 Forging
17:34 Scale Mail Armor
20:24 Heavy Plow
21:02 Gold Shaft Mining
20:40 Bow Saw
21:45 Iron Casting
21:41 Chain Mail Armor
31:42 Imperial Age
34:30 Blast Furnace
34:01 Plate Mail Armor
33:41 Scale Barding Armor
34:24 Conscription
35:17 Elite Samurai
41:05 Pikeman
41:46 Squires
47:11 Halberdier
48:59 Loom
49:49 Wheelbarrow
49:00 Town Watch
51:56 Capped Ram
伐木王
0:38 Loom
12:12 Feudal Age
12:45 Double-Bit Axe
12:44 Horse Collar
14:29 Gold Mining
16:41 Wheelbarrow
18:49 Castle Age
16:50 Stone Mining
21:57 Bow Saw
21:53 Heavy Plow
26:24 Scale Mail Armor
26:35 Forging
31:23 Imperial Age
30:00 Hand Cart
29:30 Town Watch
29:37 Treadmill Crane
30:45 Chain Mail Armor
31:05 Iron Casting
31:18 Town Patrol
32:19 Gold Shaft Mining
37:53 Plate Mail Armor
37:58 Iron Casting
37:40 Elite Hearth Troop
37:53 Elite Hearth Troop
39:31 Heavy Scorpion
40:46 Conscription
42:37 Hoardings
41:23 Shield Wall
43:21 Squires
43:07 Arson
45:13 Onager
49:07 Fletching
k3n7 R8hero
12:21 Feudal Age
11:36 Loom
13:30 Horse Collar
13:54 Double-Bit Axe
18:16 Castle Age
17:40 Gold Mining
17:40 Stone Mining
18:14 Town Watch
23:40 Pikeman
24:24 Crossbowman
25:09 Padded Archer Armor
24:59 Fletching
26:30 Gold Shaft Mining
26:30 Stone Shaft Mining
26:43 Gambesons
26:19 Man-at-Arms
26:59 Fletching
28:11 Bloodlines
30:29 Kamandaran
30:03 Elite Skirmisher
30:52 Scale Barding Armor
31:04 Heavy Plow
32:15 Thumb Ring
32:32 Long Swordsman
34:13 Wheelbarrow
34:42 Leather Archer Armor
34:29 Scale Mail Armor
38:54 Imperial Age
38:14 Husbandry
38:52 Capped Ram
39:16 Cavalier
40:22 Siege Ram
45:02 Hand Cart
46:32 Town Patrol
48:44 Chain Barding Armor
48:40 Chain Mail Armor
48:36 Forging
48:30 Heavy Scorpion
49:22 Savar
Oopsis
10:31 Feudal Age
9:18 Loom
12:20 Horse Collar
13:19 Double-Bit Axe
15:53 Castle Age
15:51 Wheelbarrow
19:04 Light Cavalry
21:00 Hand Cart
21:17 Forging
21:13 Scale Barding Armor
21:40 Bloodlines
22:53 Bow Saw
22:44 Heavy Plow
27:46 Chain Barding Armor
28:02 Iron Casting
27:44 Town Watch
28:05 Husbandry
27:29 Pikeman
28:10 Squires
43:18 Imperial Age
43:22 Imperial Age
46:07 Imperial Age
51:43 Onager
Connection lost

Rejoining the realm…

Still unreachable

The connection could not be restored.

Session expired

The server has moved on; the page needs a fresh start.